ORI
UNIVERSITY OF ALABAMA CRIMSON TIDE @ MISSISSIPPI STATE UNIVERSITY BULLDOGS
10/04/2048
 
TOP OF THE 1ST
University of Alabama Crimson Tide batting - Pitching for Mississippi State University Bulldogs : RHP Antonio Ramirez
Pitching: RHP Antonio Ramirez
Batting: RHB Danny Rosario 0-0: Foul Ball, location: 2F
0-1: Ball
1-1: Ball
2-1: Called Strike
2-2: SINGLE (Line Drive, 3D, EV 95.0 MPH)
Batting: RHB B.J. Clark 0-0: Called Strike
0-1: Ball
1-1: Grounds into double play, 6-4-3 (Groundball, 6, EV 94.4 MPH)
Batting: LHB Danny Schultz 0-0: Ball
1-0: Ball
2-0: SINGLE (Flyball, 89S, EV 90.6 MPH)
Batting: RHB Matt Williams 0-0: Foul Ball, location: 2F
0-1: Called Strike
0-2: Foul Ball, location: 2F
0-2: Ball
1-2: SINGLE (Line Drive, 9S, EV 100.0 MPH)
Danny Schultz to second
Runner from 2nd tries for 3rd, SAFE, no throw by RF
Batting: RHB David Sanchez 0-0: Called Strike
0-1: Swinging Strike
0-2: Ball
1-2: Ball
2-2: Foul Ball, location: 2F
2-2: Strikes out swinging
Top of the 1st over - 0 runs, 3 hits, 0 errors, 2 left on base; University of Alabama 0 - Mississippi State University 0
BOTTOM OF THE 1ST
Mississippi State University Bulldogs batting - Pitching for University of Alabama Crimson Tide : RHP Luiz Schantz
Pitching: RHP Luiz Schantz
Batting: RHB Freddie Kite 0-0: Ground out 4-3 (Groundball, 4MS, EV 78.8 MPH)
Batting: RHB Logan Strassburg 0-0: Foul Ball, location: 2F
0-1: Called Strike
0-2: DOUBLE (Groundball, 3L, EV 109.4 MPH)
Batting: RHB Benito Gonzales 0-0: Called Strike
0-1: Foul Ball, location: 2F
0-2: Fly out, F8 (Flyball, 89D, EV 102.5 MPH)
Batting: RHB Cody Ammann 0-0: Swinging Strike
0-1: Foul Ball, location: 2F
0-2: Ball
1-2: Hit by Pitch
Batting: RHB Josh Simmons 0-0: Fly out, F7 (Flyball, 7LS, EV 91.9 MPH)
Bottom of the 1st over - 0 runs, 1 hit, 0 errors, 2 left on base; University of Alabama 0 - Mississippi State University 0
TOP OF THE 2ND
University of Alabama Crimson Tide batting - Pitching for Mississippi State University Bulldogs : RHP Antonio Ramirez
Batting: RHB Al Lara 0-0: Ball
1-0: Ball
2-0: SINGLE (Line Drive, 9S, EV 107.5 MPH)
Batting: LHB Matt Barkley 0-0: Foul Ball, location: 2F
0-1: Foul Ball, location: 2F
0-2: Ball
1-2: Fielders Choice at 2nd, 6-4 (Groundball, 6M, EV 84.4 MPH)
Batting: RHB Hughie Withers 0-0: Ball
1-0: Swinging Strike
1-1: Called Strike
1-2: Ball
2-2: Ball
3-2: Foul Ball, location: 2F
3-2: SINGLE (Line Drive, 6M, EV 104.4 MPH)
Matt Barkley to second
Batting: LHB Platon Protopsaltis 0-0: Ball
1-0: Called Strike
1-1: Called Strike
1-2: Ball
2-2: Ball
3-2: Grounds into double play, 6-4-3 (Groundball, 6, EV 83.8 MPH)
Top of the 2nd over - 0 runs, 2 hits, 0 errors, 1 left on base; University of Alabama 0 - Mississippi State University 0
BOTTOM OF THE 2ND
Mississippi State University Bulldogs batting - Pitching for University of Alabama Crimson Tide : RHP Luiz Schantz
Batting: RHB Josh Stene 0-0: Called Strike
0-1: Called Strike
0-2: Strikes out swinging
Batting: RHB Bill Petipas 0-0: DOUBLE (Groundball, 5L, EV 100.6 MPH)
Batting: RHB Eric Riley 0-0: Called Strike
0-1: Ball
Wild Pitch!
Bill Petipas to third
1-1: Foul Ball, location: 2F
1-2: Strikes out swinging
Batting: RHB Karl Lukasiewicz 0-0: Ball
1-0: Called Strike
1-1: Ball
2-1: Swinging Strike
2-2: Strikes out looking
Bottom of the 2nd over - 0 runs, 1 hit, 0 errors, 1 left on base; University of Alabama 0 - Mississippi State University 0
TOP OF THE 3RD
University of Alabama Crimson Tide batting - Pitching for Mississippi State University Bulldogs : RHP Antonio Ramirez
Batting: RHB Danny Rosario 0-0: Called Strike
0-1: Called Strike
0-2: Strikes out swinging
Batting: RHB B.J. Clark 0-0: Ball
1-0: Called Strike
1-1: Foul Ball, location: 2F
1-2: Strikes out swinging
Batting: LHB Danny Schultz 0-0: Ball
1-0: Foul Ball, location: 2F
1-1: Foul Ball, location: 2F
1-2: Fly out, F7 (Flyball, 7LMF, EV 88.1 MPH)
Top of the 3rd over - 0 runs, 0 hits, 0 errors, 0 left on base; University of Alabama 0 - Mississippi State University 0
BOTTOM OF THE 3RD
Mississippi State University Bulldogs batting - Pitching for University of Alabama Crimson Tide : RHP Luiz Schantz
Batting: RHB Freddie Kite 0-0: Swinging Strike
0-1: Ball
1-1: Ground out 4-3 (Groundball, 4S, EV 70.6 MPH)
Batting: RHB Logan Strassburg 0-0: Ball
1-0: Swinging Strike
1-1: Ball
2-1: Ground out 1-3 (Groundball, 13, EV 68.1 MPH)
Batting: RHB Benito Gonzales 0-0: Swinging Strike
0-1: Swinging Strike
0-2: Strikes out swinging
Bottom of the 3rd over - 0 runs, 0 hits, 0 errors, 0 left on base; University of Alabama 0 - Mississippi State University 0
TOP OF THE 4TH
University of Alabama Crimson Tide batting - Pitching for Mississippi State University Bulldogs : RHP Antonio Ramirez
Batting: RHB Matt Williams 0-0: Ball
1-0: Ground out 5-3 (Groundball, 56, EV 86.9 MPH)
Batting: RHB David Sanchez 0-0: Ball
1-0: Ground out 6-3 (Groundball, 6S, EV 69.4 MPH)
Batting: RHB Al Lara 0-0: Ball
1-0: Fly out, F8 (Flyball, 8RD, EV 99.4 MPH)
Top of the 4th over - 0 runs, 0 hits, 0 errors, 0 left on base; University of Alabama 0 - Mississippi State University 0
BOTTOM OF THE 4TH
Mississippi State University Bulldogs batting - Pitching for University of Alabama Crimson Tide : RHP Luiz Schantz
Batting: RHB Cody Ammann 0-0: Ball
1-0: Ball
2-0: Called Strike
2-1: Foul Ball, location: 2F
2-2: Ball
3-2: Base on Balls
Batting: RHB Josh Simmons 0-0: Called Strike
0-1: DOUBLE (Line Drive, 9LD, EV 108.8 MPH)
Cody Ammann to third
Batting: RHB Josh Stene 0-0: Ball
1-0: Ball
2-0: 3-RUN HOME RUN (Flyball, 9D, EV 99.4 MPH), Distance : 361 ft
Batting: RHB Bill Petipas 0-0: Called Strike
0-1: Fly out, F4 (Line Drive, 4M, EV 91.2 MPH)
Batting: RHB Eric Riley 0-0: Ball
1-0: Called Strike
1-1: Ball
2-1: Ball
3-1: Foul Ball, location: 2F
3-2: Foul Ball, location: 2F
3-2: Foul Ball, location: 2F
3-2: Base on Balls
Batting: RHB Karl Lukasiewicz 0-0: Called Strike
0-1: Ball
1-1: Ball
2-1: Ball
3-1: Fly out, F7 (Flyball, 7D, EV 90.0 MPH)
Batting: RHB Freddie Kite 0-0: Ball
1-0: Ball
2-0: Foul Ball, location: 2F
2-1: Fly out, F3 (Popup, 23F, EV 84.4 MPH)
Bottom of the 4th over - 3 runs, 2 hits, 0 errors, 1 left on base; University of Alabama 0 - Mississippi State University 3
TOP OF THE 5TH
University of Alabama Crimson Tide batting - Pitching for Mississippi State University Bulldogs : RHP Antonio Ramirez
Batting: LHB Matt Barkley 0-0: Called Strike
0-1: Swinging Strike
0-2: Strikes out swinging
Batting: RHB Hughie Withers 0-0: Called Strike
0-1: Ball
1-1: Foul Ball, location: 2F
1-2: Strikes out swinging
Batting: LHB Platon Protopsaltis 0-0: Ground out 5-3 (Groundball, 25, EV 86.9 MPH)
Top of the 5th over - 0 runs, 0 hits, 0 errors, 0 left on base; University of Alabama 0 - Mississippi State University 3
BOTTOM OF THE 5TH
Mississippi State University Bulldogs batting - Pitching for University of Alabama Crimson Tide : RHP Luiz Schantz
Batting: RHB Logan Strassburg 0-0: Foul Ball, location: 2F
0-1: Foul Ball, location: 2F
0-2: Ball
1-2: Ball
2-2: Fly out, F8 (Line Drive, 8RM, EV 105.0 MPH)
Batting: RHB Benito Gonzales 0-0: Ball
1-0: TRIPLE (Flyball, 89XD, EV 95.6 MPH)
Batting: RHB Cody Ammann 0-0: Called Strike
0-1: Called Strike
0-2: Ball
1-2: Ball
2-2: Strikes out swinging
Pitching: LHP Juan Cardenas
Batting: RHB Josh Simmons 0-0: Foul Ball, location: 2F
0-1: Ball
1-1: Ball
2-1: Foul Ball, location: 2F
2-2: Ball
3-2: Base on Balls
Batting: RHB Josh Stene 0-0: Called Strike
0-1: Ball
1-1: Foul Ball, location: 2F
1-2: Fly out, F8 (Line Drive, 8LM, EV 96.9 MPH)
Bottom of the 5th over - 0 runs, 1 hit, 0 errors, 2 left on base; University of Alabama 0 - Mississippi State University 3
TOP OF THE 6TH
University of Alabama Crimson Tide batting - Pitching for Mississippi State University Bulldogs : RHP Antonio Ramirez
Batting: RHB Danny Rosario 0-0: Fly out, F7 (Line Drive, 78M, EV 97.5 MPH)
Batting: RHB B.J. Clark 0-0: Ground out 6-3 (Groundball, 6S, EV 85.6 MPH)
Batting: LHB Danny Schultz 0-0: Ball
1-0: Ball
2-0: Ball
3-0: Base on Balls
Batting: RHB Matt Williams Pickoff Throw to First - Error! E1
Danny Schultz to second
0-0: Ball
1-0: Called Strike
1-1: Ball
2-1: Ball
3-1: Base on Balls
Pitching: LHP Tony Herrera
Batting: RHB David Sanchez 0-0: Ball
1-0: Called Strike
1-1: Ball
2-1: Swinging Strike
2-2: Ball
3-2: Foul Ball, location: 2F
3-2: Reached on error, E6 (Groundball, 6, EV 78.8 MPH)
Danny Schultz to third
Matt Williams to second
Batting: RHB Al Lara 0-0: Reached via error on a dropped throw from 2B, E3 (Groundball, 34, EV 106.9 MPH)
Danny Schultz scores
Matt Williams to third
David Sanchez to second
Batting: LHB Matt Barkley 0-0: Ball
1-0: Ball
2-0: Swinging Strike
2-1: Ball
Wild Pitch!
Matt Williams scores
David Sanchez to third
Al Lara to second
3-1: Base on Balls
Batting: RHB Hughie Withers 0-0: Ball
1-0: Called Strike
1-1: Fielders Choice at 2nd, 6-4 (Groundball, 6, EV 81.9 MPH)
Top of the 6th over - 2 runs, 0 hits, 3 errors, 3 left on base; University of Alabama 2 - Mississippi State University 3
BOTTOM OF THE 6TH
Mississippi State University Bulldogs batting - Pitching for University of Alabama Crimson Tide : LHP Juan Cardenas
Batting: RHB Bill Petipas 0-0: Ball
1-0: Foul Ball, location: 2F
1-1: Foul Ball, location: 2F
1-2: Foul Ball, location: 2F
1-2: Ball
2-2: Fly out, F8 (Flyball, 8LD, EV 90.6 MPH)
Batting: RHB Eric Riley 0-0: Swinging Strike
0-1: Ball
1-1: Called Strike
1-2: Ground out 5-3 (Groundball, 56S, EV 81.2 MPH)
Batting: RHB Karl Lukasiewicz 0-0: Ball
1-0: Ball
2-0: Foul Ball, location: 2F
2-1: Foul Ball, location: 2F
2-2: Ball
3-2: Ground out 5-3 (Groundball, 56S, EV 82.5 MPH)
Bottom of the 6th over - 0 runs, 0 hits, 0 errors, 0 left on base; University of Alabama 2 - Mississippi State University 3
TOP OF THE 7TH
University of Alabama Crimson Tide batting - Pitching for Mississippi State University Bulldogs : LHP Tony Herrera
Batting: LHB Platon Protopsaltis 0-0: Ball
1-0: Fly out, F8 (Flyball, 8RXD, EV 97.5 MPH)
Batting: RHB Danny Rosario 0-0: Ball
1-0: Called Strike
1-1: Ball
2-1: Called Strike
2-2: SINGLE (Groundball, 56, EV 95.6 MPH)
Batting: RHB B.J. Clark 0-0: Fielders Choice at 2nd, 6-4 (Groundball, 56, EV 98.1 MPH)
Batting: LHB Danny Schultz 0-0: Called Strike
0-1: Foul Ball, location: 2F
0-2: Ball
1-2: Ball
2-2: Fly out, F3 (Popup, 3, EV 71.9 MPH)
Top of the 7th over - 0 runs, 1 hit, 0 errors, 1 left on base; University of Alabama 2 - Mississippi State University 3
BOTTOM OF THE 7TH
Mississippi State University Bulldogs batting - Pitching for University of Alabama Crimson Tide : LHP Juan Cardenas
Pitching: RHP Ken McGee
Batting: RHB Freddie Kite 0-0: Fly out, F8 (Flyball, 8RD, EV 92.5 MPH)
Batting: RHB Logan Strassburg 0-0: Foul Ball, location: 2F
0-1: Ground out 6-3 (Groundball, 56, EV 106.9 MPH)
Batting: RHB Benito Gonzales 0-0: Ball
1-0: Fly out, F8 (Line Drive, 8RD, EV 90.6 MPH)
Bottom of the 7th over - 0 runs, 0 hits, 0 errors, 0 left on base; University of Alabama 2 - Mississippi State University 3
TOP OF THE 8TH
University of Alabama Crimson Tide batting - Pitching for Mississippi State University Bulldogs : LHP Tony Herrera
Pitching: RHP Randy Richardson
Batting: RHB Matt Williams 0-0: Called Strike
0-1: Swinging Strike
0-2: Foul Ball, location: 2F
0-2: Fly out, F9 (Line Drive, 9, EV 108.1 MPH)
Batting: RHB David Sanchez 0-0: Ball
1-0: Ball
2-0: Ball
3-0: Called Strike
3-1: Called Strike
3-2: Strikes out swinging
Batting: RHB Al Lara 0-0: Called Strike
0-1: Foul Ball, location: 2F
0-2: Foul Ball, location: 2F
0-2: Foul Ball, location: 2F
0-2: Fly out, F8 (Line Drive, 8RM, EV 88.8 MPH)
Top of the 8th over - 0 runs, 0 hits, 0 errors, 0 left on base; University of Alabama 2 - Mississippi State University 3
BOTTOM OF THE 8TH
Mississippi State University Bulldogs batting - Pitching for University of Alabama Crimson Tide : RHP Ken McGee
Batting: RHB Cody Ammann 0-0: Ball
1-0: Swinging Strike
1-1: Swinging Strike
1-2: Foul Ball, location: 2F
1-2: Strikes out swinging
Batting: RHB Josh Simmons 0-0: Ball
1-0: Fly out, F3 (Popup, 3F, EV 63.8 MPH)
Batting: RHB Josh Stene 0-0: Called Strike
0-1: Ball
1-1: Ball
2-1: Ball
3-1: Swinging Strike
3-2: Base on Balls
Batting: RHB Bill Petipas 0-0: Ball
1-0: Called Strike
1-1: Fielders Choice at 2nd, 5-4 (Groundball, 56, EV 101.9 MPH)
Bottom of the 8th over - 0 runs, 0 hits, 0 errors, 1 left on base; University of Alabama 2 - Mississippi State University 3
TOP OF THE 9TH
University of Alabama Crimson Tide batting - Pitching for Mississippi State University Bulldogs : RHP Randy Richardson
Pitching: RHP Chris Pearson
Now in LF: Tom Ploughman
Now in RF: Cody Ammann
Batting: LHB Matt Barkley 0-0: Ball
1-0: Ball
2-0: Called Strike
2-1: Foul Ball, location: 2F
2-2: Ball
3-2: Strikes out swinging
Batting: RHB Hughie Withers 0-0: Swinging Strike
0-1: Foul Ball, location: 2F
0-2: Strikes out swinging, 2-3 out at first.
Batting: LHB Platon Protopsaltis 0-0: SINGLE (Groundball, 4MS, EV 85.6 MPH) (infield hit)
Batting: RHB Danny Rosario 0-0: Ball
1-0: Ball
2-0: Swinging Strike
2-1: Called Strike
2-2: Strikes out looking
Top of the 9th over - 0 runs, 1 hit, 0 errors, 1 left on base; University of Alabama 2 - Mississippi State University 3
Tuesday, March 28th , 2023 - OOTP Baseball 23.10 Build 110